 Seeded DCSS version 0.30-a0-371-gad7725a93e (webtiles) character file.

Game seed: 13658021519148660155 (custom seed)

66 innerfire433 the Chopper (level 3, -4/27 (29) HPs)
             Began as a Demonspawn Monk on Nov 21, 2022.
             Was a Priest of Makhleb.
             Slain by Crazy Yiuf
             ... wielding a +3 quarterstaff of chaos
              (8 damage)
             ... on level 2 of the Dungeon.
             The game lasted 00:02:49 (1234 turns).

innerfire433 the Chopper (Demonspawn Monk)          Turns: 1234, Time: 00:02:49

HP:   -4/27 (29)    AC:  7    Str: 13    XL:     3   Next: 96%
MP:   3/3           EV: 13    Int: 11    God:    Makhleb [***...]
Gold: 143           SH:  0    Dex: 15    Spells: 2/2 levels left

rFire   . . .      SeeInvis .    d - +3 hand axe
rCold   . . .      Faith    .    (no shield)
rNeg    . . .      Spirit   .    o - +2 animal skin
rPois   .          Reflect  .    p - +2 helmet
rElec   .          Harm     .    (no cloak)
rCorr   .          Rampage  .    (no gloves)
Will    .....                    (no boots)
Stlth   ++........               (no amulet)
HPRegen 0.24/turn                (no ring)
MPRegen 0.08/turn                (no ring)

@: drained, invisible
A: powered by pain 1, weakness stinger 1
a: Renounce Religion, Minor Destruction, Lesser Servant of Makhleb


You were on level 2 of the Dungeon.
You worshipped Makhleb.
Makhleb was most pleased with you.
You visited 1 branch of the dungeon, and saw 2 of its levels.

You collected 143 gold pieces.

Inventory:

Hand Weapons
 a - a +0 hand axe
 d - a +3 hand axe (weapon)
Missiles
 i - a throwing net (quivered)
Armour
 b - a +0 robe
 o - a +2 animal skin (worn)
 p - a +2 helmet (worn)
Scrolls
 e - a scroll of immolation {unknown}
 f - 2 scrolls of identify {unknown}
 h - a scroll of butterflies {unknown}
 j - 4 scrolls of poison {unknown}
 k - a scroll of amnesia {unknown}
 m - 3 scrolls of vulnerability {unknown}
 n - a scroll of teleportation {unknown}
Potions
 c - a potion of ambrosia
 g - 2 potions of heal wounds
 l - a potion of resistance {unknown}


   Skills:
 + Level 3.5 Fighting
 * Level 3.6 Axes
 + Level 3.2 Dodging
 - Level 1.8 Stealth


You had 2 spell levels left.
You didn't know any spells.
Your spell library contained the following spells:

 Spells                   Type           Power      Damage    Failure   Level
 Magic Dart               Conj           0%         1d3       34%         1
 Summon Small Mammal      Summ           0%         N/A       34%         1
 Blink                    Tloc           0%         N/A       47%         2
 Call Imp                 Summ           0%         N/A       47%         2
 Momentum Strike          Conj/Tloc      0%         3d8       47%         2
 Call Canine Familiar     Summ           0%         N/A       71%         3
 Gell's Gravitas          Tloc           0%         N/A       71%         3
 Lesser Beckoning         Tloc           0%         N/A       71%         3
 Mephitic Cloud           Conj/Pois/Air  0%         N/A       71%         3
 Summon Guardian Golem    Hex/Summ       0%         N/A       71%         3
 Teleport Other           Tloc           0%         N/A       71%         3
 Dispersal                Tloc           0%         N/A       100%        6


Dungeon Overview and Level Annotations

Branches:
Dungeon (2/15)

Altars:
Makhleb

Shops:
D:1 !   D:2 !

Annotations:
D:2 Crazy Yiuf


Innate Abilities, Weirdness & Mutations

You sometimes gain a little power by taking damage.
You have a small tail.


Message History

The fungus is lightly damaged.
You hit the fungus. You hit the fungus.
The fungus is lightly damaged.
You hit the fungus. You slash the fungus! You tail-slap the fungus.
The fungus is lightly damaged.
You hit the fungus.
A nearby fungus withers and dies. x2
You hit the bush but do no damage.
Found a hammer.
Found a runed translucent door.
You open the door.
There is an open translucent door here.
The helpless Crazy Yiuf fails to defend himself.
You slash Crazy Yiuf! You tail-slap Crazy Yiuf.
You punch Crazy Yiuf, but do no damage.
Crazy Yiuf is severely wounded.
Crazy Yiuf hits you with a +3 quarterstaff of chaos.
You feel drained.
You hit Crazy Yiuf but do no damage.
Crazy Yiuf is severely wounded.
Crazy Yiuf closely misses you.
You hit Crazy Yiuf but do no damage.
Crazy Yiuf is severely wounded.
Crazy Yiuf drinks a potion.
Crazy Yiuf is healed!
You hit Crazy Yiuf but do no damage.
Crazy Yiuf hits you with a +3 quarterstaff of chaos!
You fade into invisibility!
You hit Crazy Yiuf.
Crazy Yiuf is moderately wounded.
Crazy Yiuf barely misses you.
You hit Crazy Yiuf.
Crazy Yiuf is heavily wounded.
Crazy Yiuf hits you with a +3 quarterstaff of chaos!
* * * LOW HITPOINT WARNING * * *
You convulse.
* * * LOW HITPOINT WARNING * * *
You hit Crazy Yiuf but do no damage.
Crazy Yiuf is heavily wounded.
Crazy Yiuf hits you with a +3 quarterstaff of chaos!
You die...

...###..##.............#..##
...###..##.............##..###
.....#..##.............###...#
...#.#...#.############# ###.#
...#.####...# #.##
...#.))†[...# #..#
...####)#...# ##### ♣♣###.#
...##...#...# #)..#♣♣ ♣♣P....#
...##.###...#
#g@.'.♣♣♣♣PP)...# ...##. ....#
#...#♣..♣.P....## # #...#
#####♣♣♣.♣....## #...#
♣♣♣♣♣### #...#


You could see Crazy Yiuf (unable to see you).

Vanquished Creatures
  Robin (D:2)
  An adder (D:2)
  3 bats
  2 endoplasms (D:2)
  3 giant cockroaches (D:2)
  10 goblins (D:2)
  8 hobgoblins
  2 kobolds (D:1)
  2 quokkas
  3 ball pythons
  2 frilled lizards
  2 rats
39 creatures vanquished.

Vanquished Creatures (others)
  2 fungi (D:2)
2 creatures vanquished.

Grand Total: 41 creatures vanquished

Notes
Turn   | Place    | Note
-------+----------+-------------------------------------------
     0 | D:1      | innerfire433 the Demonspawn Monk began the quest for the
                  | Orb.
     0 | D:1      | Reached XP level 1. HP: 18/18 MP: 1/1
   290 | D:1      | Found Mijehyny's Distillery.
   318 | D:1      | Gained mutation: You have a small tail. [demonic ancestry]
   318 | D:1      | Reached XP level 2. HP: 24/24 MP: 2/2
   501 | D:1      | Found a faded altar of an unknown god.
   645 | D:1      | Prayed at the altar of an unknown god.
   645 | D:1      | Became a worshipper of Makhleb the Destroyer
   645 | D:1      | Reached * piety under Makhleb
   645 | D:1      | Reached ** piety under Makhleb
   758 | D:2      | Gained mutation: You sometimes gain a little power by
                  | taking damage. [demonic ancestry]
   758 | D:2      | Reached XP level 3. HP: 26/29 MP: 3/3
   792 | D:2      | Reached *** piety under Makhleb
   974 | D:2      | Noticed Robin
  1007 | D:2      | Killed Robin
  1178 | D:2      | Found Fioqon's Distillery.
  1220 | D:2      | Found a runed translucent door.
  1221 | D:2      | Noticed Crazy Yiuf
  1234 | D:2      | Slain by Crazy Yiuf

Illustrated notes

Levels and vault maps discovered:
D:1:      sevenhm_arrival_forest_fort_small_3, layout_basic,
          shapermc_ecumenical_altar_acropolis, serial_shops,
          nicolae_shop_crystal, serial_bayou_ford_a
D:2:      layout_basic, serial_shops, shop, uniq_robin, uniq_crazy_yiuf_cottage

Skill      XL: |  1  2 |
---------------+-------+-----
Axes           | 3 |  3.6
Dodging        | 3 |  3.2
Fighting       | |  3.5
Stealth        | |  1.8

Action                   || total
-------------------------++-------
Melee: Hand axe          ||    91
       Punch             ||     2
       Tailslap          ||     9
 Stab: Sleeping          ||     4
Armor: Robe              ||    14
Dodge: Dodged            ||    65

Table legend: (Time is in decaauts)
 A = Elapsed time spent in this place.
 B = Non-inter-level travel time spent in this place.
 C = Inter-level travel time spent in this place.
 D = Time resting spent in this place.
 E = Time spent auto-exploring this place.
 F = Levels seen in this place.
 G = Mean time per level.
                   A        B        C        D        E       F      G
               +--------+--------+--------+--------+--------+-----+--------+
         Total |   1249 |   1184 |     65 |      0 |    906 |   2 |  624.5 |
       Dungeon |   1249 |   1184 |     65 |      0 |    906 |   2 |  624.5 |
               +--------+--------+--------+--------+--------+-----+--------+

Top non-repeatable levels by time:
     D:1: 670 daAuts
     D:2: 578 daAuts
